 Seeded DCSS version 0.30.1-9-gdf580d7c3d (webtiles) character file.

Game seed: 6351066067085065685 (custom seed)

312788 Esekla the Archmage (level 20, -4/120 (123) HPs)
             Began as a Deep Elf Wanderer on Oct 16, 2023.
             Was an Elder of Vehumet.
             Killed from afar by an iron dragon (45 damage)
             ... with a spray of metal splinters
             ... on level 4 of the Vaults on Oct 17, 2023.
             The game lasted 06:04:10 (37382 turns).

Esekla the Archmage (Deep Elf Wanderer)            Turns: 37382, Time: 06:04:10

HP:   -4/120 (123)  AC: 20    Str: 11    XL:     20   Next: 45%
MP:   40/53         EV: 15    Int: 39    God:    Vehumet [****..]
Gold: 400           SH:  5    Dex: 13    Spells: 1/73 levels left

rFire   + . .        a - +4 long sword (protect)
rCold   + . .        C - +0 buckler
rNeg    . . .        Y - +1 ring mail "Uronn" {rF+ Regen+ Int+3}
rPois   +            W - +2 helmet {Int+3}
rElec   .            b - +2 cloak {Stlth+}
rCorr   .            U - +2 pair of gloves "Doorr" {Will+ Dex+2}
SInv    .            O - +2 pair of boots {rampage}
Will    +++..        A - amulet of magic regeneration
Stlth   ++           l - ring of Descent {rPois rC+ Int+5 Stlth-}
HPRegen 1.20/turn    Q - ring of the Mage {Wiz Archmagi}
MPRegen 0.73/turn

%: rampage, wizardry (x1), archmagi
@: lightly drained
A: no striking features
}: 2/15 runes: barnacled, gossamer
a: Renounce Religion


You were on level 4 of the Vaults.
You worshipped Vehumet.
Vehumet was greatly pleased with you.
You visited 7 branches of the dungeon, and saw 34 of its levels.
You visited 1 bazaar.
You also visited: Trove and Bailey.

You collected 6114 gold pieces.
You spent 5714 gold pieces at shops.

Inventory:

Hand Weapons
 a - a +4 long sword of protection (weapon)
 f - a +4 scimitar of flaming
 r - a +4 trident of venom
 s - the +8 arc blade {discharge, rElec}
   (You bought it in a shop on level 4 of the Dungeon)

   rElec:     It insulates you from electricity.
 x - the +8 Vampire's Tooth {megavamp}
   (You bought it in a shop in a bazaar)
Missiles
 w - 91 poisoned darts
 H - 7 curare-tipped darts
 I - 9 silver javelins (quivered)
 L - 27 boomerangs
Armour
 b - a +2 cloak of stealth (worn)
 C - a +0 buckler (worn)
 O - a +2 pair of boots of rampaging (worn)
 P - the +1 animal skin "Kougi" {rPois rF++ MP+9}
   (You found it on level 2 of the Shoals)

   rF:        It greatly protects you from fire.
   rPois:     It protects you from poison.
   MP:        It affects your magic capacity (+9).
 U - the +2 pair of gloves "Doorr" (worn) {Will+ Dex+2}
   (You acquired it on level 2 of the Orcish Mines)

   Dex:       It affects your dexterity (+2).
   Will:      It increases your willpower.
 W - a +2 helmet of intelligence (worn)
 Y - the +1 ring mail "Uronn" (worn) {rF+ Regen+ Int+3}
   (You found it on level 4 of the Shoals)

   Int:       It affects your intelligence (+3).
   rF:        It protects you from fire.
   Regen:     It increases your rate of health regeneration.
Jewellery
 k - the ring of Akemeir {Fire Str+4}
   (You found it in a treasure trove)

   [ring of fire]

   It enhances your fire magic.
   Str:       It affects your strength (+4).
   rF:        It protects you from fire.
   rC:        It makes you vulnerable to cold.
 l - the ring of Descent (left hand) {rPois rC+ Int+5 Stlth-}
   (You found it in a treasure trove)

   [ring of protection from cold]

   Int:       It affects your intelligence (+5).
   rC:        It protects you from cold.
   rPois:     It protects you from poison.
   Stlth:     It makes you less stealthy.
 p - the ring "Pileq" {Ice Str+4 Dex+3 Slay+2}
   (You took it off a merfolk on level 4 of the Shoals)

   [ring of ice]

   It enhances your ice magic.
   Str:       It affects your strength (+4).
   Dex:       It affects your dexterity (+3).
   Slay:      It affects your accuracy & damage with ranged weapons and melee
   (+2).
   rF:        It makes you vulnerable to fire.
   rC:        It protects you from cold.
 A - an amulet of magic regeneration (around neck)
 Q - the ring of the Mage (right hand) {Wiz Archmagi}
   (You bought it in a shop on level 2 of the Dungeon)

   [ring of wizardry]

   It improves your spell success rate.
   Archmagi:  It increases the power of your magical spells.
 T - the ring of Greed {rElec rPois rN+ AC+4 Str-2}
   (You bought it in a shop on level 2 of the Dungeon)

   [ring of protection]

   AC:        It affects your AC (+4).
   Str:       It affects your strength (-2).
   rElec:     It insulates you from electricity.
   rPois:     It protects you from poison.
   rN:        It protects you from negative energy.
 V - a ring of see invisible
Wands
 D - a wand of flame (36)
 F - a wand of quicksilver (16)
 G - a wand of mindburst (9)
 M - a wand of roots (39)
 R - a wand of digging (23)
Scrolls
 d - 3 scrolls of brand weapon
 g - 14 scrolls of teleportation
 n - 3 scrolls of amnesia
 o - 5 scrolls of enchant weapon
 q - 6 scrolls of blinking
 t - 5 scrolls of fog
 y - 3 scrolls of silence
 z - 2 scrolls of magic mapping
 B - 5 scrolls of fear
 E - 5 scrolls of poison
 X - 6 scrolls of identify
Potions
 e - 7 potions of ambrosia
 h - 8 potions of heal wounds
 i - 7 potions of curing
 j - 11 potions of attraction
 m - 4 potions of magic
 u - 11 potions of haste
 v - 6 potions of brilliance
 J - 3 potions of resistance
 K - 4 potions of might
 N - 3 potions of cancellation
 S - 6 potions of flight
 Z - a potion of invisibility
Miscellaneous
 c - a lightning rod (4/4)


   Skills:
 * Level 12.5 Fighting
 + Level 3.8(4.6) Short Blades
 + Level 3.5(4.2) Long Blades
 + Level 1.9 Throwing
 - Level 7.0 Armour
 * Level 14.9 Dodging
 + Level 5.4 Stealth
 + Level 3.3 Shields
 O Level 27 Spellcasting
 + Level 10.2 Conjurations
 + Level 11.2 Necromancy
 + Level 6.5 Translocations
 - Level 3.1 Transmutations
 + Level 9.6 Fire Magic
 + Level 8.7 Ice Magic
 + Level 11.8 Air Magic
 * Level 11.1 Earth Magic
 - Level 7.2 Poison Magic
 - Level 1.0 Invocations
 + Level 1.2 Evocations


You had one spell level left.
You knew the following spells:

 Your Spells              Type           Power      Damage    Failure   Level
b - Blink                 Tloc           100%       N/A       1%          2
c - Mephitic Cloud        Conj/Pois/Air  100%       N/A       1%          3
d - Vampiric Draining     Necr           100%       2d13      1%          3
f - Fireball              Conj/Fire      57%        3d22      1%          5
g - Ozocubu's Refrigerat  Ice            55%        4d19      3%          7
i - Irradiate             Conj/Tmut      51%        3d28      1%          5
k - Airstrike             Air            60%        2d(9-25)  1%          4
m - Maxwell's Capacitive  Air            60%        ∞         6%          8
n - Ignite Poison         Fire/Tmut/Pois 100%       N/A       1%          3
o - Orb of Destruction    Conj           57%        9d14      1%          7
p - Apportation           Tloc           100%       N/A       1%          1
r - Frozen Ramparts       Ice            100%       1d16      1%          3
u - Dispel Undead         Necr           100%       3d31      1%          4
v - Poisonous Vapours     Pois/Air       100%       N/A       1%          2
w - Wereblood             Tmut           86%        N/A       1%          2
x - Olgreb's Toxic Radia  Pois           100%       N/A       1%          4
y - Sticky Flame          Conj/Fire      100%       2d11      1%          4
z - Freezing Cloud        Conj/Ice/Air   57%        6-21      1%          5

Your spell library contained the following spells:

 Spells                   Type           Power      Damage    Failure   Level
 Shatter                  Erth           59%        3d44*     63%         9
 Polar Vortex             Ice            55%        N/A       89%         9
 Foxfire                  Conj/Fire      100%       2x1d9     0%          1
 Magic Dart               Conj           100%       1d8       0%          1
 Necrotise                Necr           100%       1d9       0%          1
 Sandblast                Erth           100%       2d20      0%          1
 Shock                    Conj/Air       100%       1d9       0%          1
 Sting                    Tmut/Pois      100%       1d8       1%          1
 Cigotuvi's Dreadful Rot  Necr/Pois/Air  100%       N/A       0%          2
 Sublimation of Blood     Necr           100%       N/A       0%          2
 Swiftness                Air            100%       N/A       0%          3
 Call Imp                 Summ           100%       N/A       1%          2
 Lesser Beckoning         Tloc           100%       N/A       1%          2
 Passwall                 Tmut/Erth      86%        N/A       1%          2
 Gell's Gravitas          Tloc           100%       N/A       1%          3
 Hailstorm                Conj/Ice       100%       3d20      1%          3
 Inner Flame              Hex/Fire       94%        N/A       1%          3
 Portal Projectile        Hex/Tloc       100%       N/A       1%          3
 Spider Form              Tmut/Pois      96%        N/A       1%          3
 Stone Arrow              Conj/Erth      100%       3d13      1%          3
 Teleport Other           Tloc           100%       N/A       1%          3
 Vhi's Electric Charge    Tloc/Air       100%       N/A       1%          3
 Anguish                  Hex/Necr       49%        N/A       1%          4
 Ice Form                 Ice/Tmut       99%        N/A       1%          4
 Manifold Assault         Tloc           100%       N/A       1%          4
 Passage of Golubria      Tloc           100%       N/A       1%          4
 Petrify                  Tmut/Erth      100%       N/A       1%          4
 Summon Ice Beast         Ice/Summ       92%        N/A       1%          4
 Agony                    Necr           100%       N/A       1%          5
 Arcjolt                  Conj/Air       59%        1d69      1%          5
 Metabolic Englaciation   Hex/Ice        46%        N/A       1%          5
 Silence                  Hex/Air        49%        N/A       1%          5
 Yara's Violent Unravell  Hex/Tmut       39%        3d16      1%          5
 Death Channel            Necr           59%        N/A       1%          6
 Plasma Beam              Fire/Air       58%        2x1d81    1%          6
 Starburst                Conj/Fire      57%        6d15      1%          6
 Statue Form              Tmut/Erth      69%        N/A       3%          6
 Cause Fear               Hex            34%        N/A       4%          4
 Dispersal                Tloc           50%        N/A       4%          6
 Lehudib's Crystal Spear  Conj/Erth      58%        10d14     10%         8
 Summon Mana Viper        Hex/Summ       68%        N/A       11%         5
 Ignition                 Fire           56%        3d15      13%         8
 Chain Lightning          Conj/Air       59%        3d78      65%         9
 Fire Storm               Conj/Fire      57%        8d14      78%         9
 Disjunction              Tloc           50%        N/A       85%         8
 Enfeeble                 Hex            34%        N/A       96%         7
 Summon Hydra             Summ           34%        N/A       96%         7


Dungeon Overview and Level Annotations

Branches:
Dungeon (14/15)            Temple (0/1) D:6            Lair (5/5) D:11
 Shoals (4/4) Lair:2       Spider (4/4) Lair:3        Slime (0/5) Lair:5
    Orc (2/2) D:10            Elf (1/3) Orc:2        Vaults (4/5) D:13
  Crypt (0/3) Vaults:2     Bailey (visited)

Altars:
Dithmenos
Fedhas
Hepliaklqana
Nemelex Xobeh
Okawaru
Qazlal
Ru
Trog
Uskayaw
Vehumet
Zin
The Shining One
Jiyva

Shops:
D:2 =   D:4 (   D:11 *   Orc:2 **[:   Shoals:2 (   Shoals:3 !   Vaults:1 [
Vaults:4 ?

Portals:
Pandemonium: Orc:2


Message History

Okay, then.
An iron dragon is nearby!
Casting: Ignite Poison (safe; 1% risk of failure)
Confirm with . or Enter, or press ? or * to list all spells.
You feel a surge of power!
You blink.
The iron dragon roars deafeningly!
You hear a shout! x2
Casting: Blink (safe; 1% risk of failure)
Confirm with . or Enter, or press ? or * to list all spells.
Aiming: Orb of Destruction (dangerous; 1% risk of failure)
Press: ? - help, Shift-Dir - straight line, f - iron dragon
Aim: an iron dragon
Okay, then.
Casting: Orb of Destruction (dangerous; 1% risk of failure)
Confirm with . or Enter, or press ? or * to list all spells.
You feel a surge of power!
You blink.
The iron dragon breathes metal splinters at you.
The spray of metal splinters hits you!!
You hear a deafening roar! x2
Casting: Blink (safe; 1% risk of failure)
Confirm with . or Enter, or press ? or * to list all spells.
Aiming: Orb of Destruction (dangerous; 1% risk of failure)
Press: ? - help, Shift-Dir - straight line, f - iron dragon
Aim: an iron dragon (catching its breath)
You feel a surge of power!
The orb of destruction hits the iron dragon!!!
The iron dragon is heavily wounded.
Casting: Orb of Destruction (dangerous; 1% risk of failure)
Confirm with . or Enter, or press ? or * to list all spells.
Aiming: Orb of Destruction (dangerous; 1% risk of failure)
Press: ? - help, Shift-Dir - straight line, f/p - iron dragon
Aim: an iron dragon (magical condensation, heavily wounded)
You feel a surge of power!
The iron dragon breathes metal splinters at you.
The spray of metal splinters hits you!!!
You hear a deafening roar!
The orb of destruction hits the iron dragon!!!
The iron dragon is almost dead.
The iron dragon breathes metal splinters at you.
The spray of metal splinters hits you!!!
You die...

#########......#.......#...#
#......'.......#...#
############......#.......#...#
...........#......#.......#...#
...........#......#########...#
'''''''''..#........).).......#
'''''''..#....).............#
'''''''..#......#####'###...#
....'''..#....@.#...)...#...#
..Hp''C..#......#.......#...#
.e:p'''..#..°...#.......#...#
.D[DD''..#..○...#.......#...#
'Dp'D''..#°D....#...[...#...#
'CD''''..'......'.......#...#
'''''''''..#......#.......#...#
...........#).....#......(#...#
...........#......#########...#


You could see an iron dragon (catching breath).

Vanquished Creatures
  Mara (Spider:4)
  Mennas (Vaults:3)
  Rupert (Lair:4)
  A quicksilver dragon (Vaults:4)
  A quicksilver dragon (shapeshifter) (Vaults:4)
  4 sphinxes
  2 krakens
  A shadow dragon (Vaults:4)
  Ilsuiw (Shoals:3)
  An iron dragon (Vaults:4)
  A frost giant (Vaults:4)
  9 emperor scorpions
  A deep elf sorcerer (Elf:1)
  3 ghost moths
  12 vault wardens
  3 orc warlords
  13 ironbound thunderhulks
  9 ironbound preservers
  11 very ugly things
  4 war gargoyles (Vaults:2)
  A broodmother (Spider:3)
  A vampire knight (Vaults:2)
  A deep elf demonologist (Elf:1)
  Azrael (Orc:2)
  7 dire elephants
  2 deep elf annihilators (Elf:1)
  A minotaur (Shoals:4)
  2 spark wasps
  A crystal guardian (Vaults:4)
  2 eidola (Vaults:2)
  A deep elf death mage (Elf:1)
  4 merfolk impalers
  4 fire dragons
  5 entropy weavers
  An ettin (Vaults:4)
  7 great orbs of eyes
  7 yaktaur captains
  3 merfolk javelineers (Shoals:3)
  2 deep elf high priests
  3 peacekeepers
  Harold (D:9)
  11 vault guards
  15 ironbound frosthearts
  A demonspawn (Orc:2)
  4 merfolk aquamancers
  3 hydras
  3 radroaches
  16 satyrs
  6 centaur warriors
  A catoblepas (Lair:5)
  3 jorogumos
  An alligator snapping turtle (Shoals:3)
  4 dancing weapons (Elf:1)
  4 merfolk avatars
  5 boulder beetles
  4 two-headed ogres
  A vampire mage (Vaults:2)
  2 orc high priests (Orc:2)
  2 pharaoh ants
  4 skeletal warriors
  A sun moth (Spider:1)
  Lodul (D:11)
  11 sea snakes
  26 deep trolls
  4 skysharks
  10 orb spiders
  A deep elf archer (Elf:1)
  2 glowing orange brains
  Pikel (D:6)
  A swamp dragon (Lair:5)
  8 wizards
  16 ironbound convokers
  3 steelbarb worms
  6 lindwurms
  A tengu zombie (Vaults:4)
  An oklob plant (Lair:5)
  7 deep elf zephyrmancers (Elf:1)
  3 necromancers
  29 harpies
  22 ugly things
  10 deep elf pyromancers
  8 wolf spiders
  24 fauns
  A tengu skeleton (Vaults:4)
  11 orc knights
  9 cyclopes
  10 orc sorcerers
  3 moths of wrath
  Joseph (D:7)
  A stone giant zombie (Vaults:4)
  24 manticores
  6 merfolk sirens
  8 elephants (Lair:5)
  2 black mambas
  A black mamba (shapeshifter) (D:13)
  2 human skeletons (Vaults:4)
  7 water nymphs
  7 torpor snails
  2 gargoyles
  A smoke demon (Orc:2)
  25 vault sentinels
  3 demonic crawlers
  11 cane toads
  Psyche (D:11)
  An unseen horror (shapeshifter) (Elf:1)
  3 rime drakes
  16 komodo dragons
  An unseen horror (D:13)
  2 freezing wraiths
  4 human zombies (Vaults:4)
  3 kobold demonologists
  39 yaktaurs
  A tengu conjurer (D:13)
  28 merfolk
  A red devil (Orc:2)
  3 tyrant leeches (Lair:5)
  A polar bear (D:11)
  7 trolls
  9 tarantellas
  12 hornets
  3 wind drakes
  5 blink frogs (Lair:1)
  26 slime creatures
  11 jumping spiders
  4 centaur simulacra (D:11)
  8 snapping turtles
  An air elemental (Elf:1)
  2 vampires
  7 culicivoras
  33 yaks
  5 water elementals
  2 wraiths
  12 spriggans (Lair:3)
  5 basilisks
  A chaos spawn (Orc:2)
  3 fire elementals (Orc:2)
  3 steam dragons
  5 wyverns
  A vampire mosquito (D:13)
  29 redbacks
  Menkaure (D:7)
  3 wargs
  3 acid dragons
  6 ice beasts
  14 water moccasins
  4 hell hounds (Orc:2)
  2 swamp drakes (Lair:5)
  A sky beast (D:6)
  43 orc warriors
  2 black bears
  17 ogres
  9 centaurs
  12 wolves
  3 boggarts (Lair:3)
  A phantom (D:7)
  2 lemures (D:6)
  Blork the orc (D:6)
  6 kobold brigands
  2 earth elementals
  4 gnoll sergeants
  10 bullfrogs
  3 scorpions
  10 wights
  21 killer bees
  2 howler monkeys (D:10)
  An electric eel (D:11)
  2 quasits (D:8)
  3 gnoll boudas
  6 hounds
  A jelly (D:6)
  Crazy Yiuf (D:7)
  32 orc priests
  12 hell rats
  A sleepcap (D:5)
  7 iguanas
  13 orc wizards
  34 gnolls
  9 adders
  3 shadow imps (D:8)
  8 white imps
  4 ufetubi
  A worm (D:4)
  3 dart slugs
  94 orcs
  4 endoplasms
  9 goblins
  7 hobgoblins
  A quokka (D:1)
  3 training dummies (Shoals:2)
  6 ball pythons
  4 bats
  4 frilled lizards
  24 kobolds
  A rat (D:2)
  2 tentacles (Shoals:3)
1338 creatures vanquished.

Vanquished Creatures (others)
  A ghost moth (Spider:4)
  An orc high priest (Orc:2)
  An orc wizard (D:8)
  A white imp (D:8)
  6 tentacles
10 creatures vanquished.

Grand Total: 1348 creatures vanquished

Notes
Turn   | Place    | Note
-------+----------+-------------------------------------------
     0 | D:1      | Esekla the Deep Elf Wanderer began the quest for the Orb.
     0 | D:1      | Esekla set off with the following items: a +0 club, a
                  | potion of lignification, a +0 robe, a +0 buckler; and the
                  | following spells available to memorise: Apportation, Blink,
                  | Lesser Beckoning, Magic Dart, Ignite Poison, Vampiric
                  | Draining.
     0 | D:1      | Reached XP level 1. HP: 10/10 MP: 7/7
     2 | D:1      | Learned a level 1 spell: Magic Dart
     4 | D:1      | Learned a level 1 spell: Apportation
   241 | D:2      | Found Renulab's Jewellery Shop.
   502 | D:4      | Found a radiant altar of Vehumet.
   510 | D:4      | Found an iron altar of Okawaru.
   521 | D:4      | Found a glowing silver altar of Zin.
   603 | D:4      | Became a worshipper of Vehumet
   777 | D:3      | Reached XP level 2. HP: 14/15 MP: 6/9
   780 | D:3      | Learned a level 2 spell: Blink
   849 | D:4      | Found Ponaysk's Antique Weapon Boutique.
   988 | D:3      | Reached skill level 5 in Spellcasting
  1092 | D:3      | Identified the +5 rapier of the Hero {heavy, rN+ Dex+3}
                  | (You found it on level 3 of the Dungeon)
  1282 | D:2      | Reached XP level 3. HP: 19/19 MP: 1/11
  1286 | D:2      | Learned a level 3 spell: Vampiric Draining
  1322 | D:2      | Reached skill level 1 in Dodging
  1486 | D:3      | Found a stormy altar of Qazlal.
  1677 | D:3      | Found a bloodstained altar of Trog.
  1681 | D:3      | Found a hazy altar of Hepliaklqana.
  1737 | D:3      | Reached skill level 1 in Necromancy
  1737 | D:3      | Reached XP level 4. HP: 9/24 MP: 2/13
  1930 | D:3      | Reached * piety under Vehumet
  1930 | D:3      | Offered knowledge of Shock by Vehumet.
  2061 | D:1      | Reached skill level 1 in Conjurations
  2217 | D:1      | Reached skill level 6 in Spellcasting
  2285 | D:2      | Noticed a black bear
  2295 | D:2      | Reached skill level 1 in Short Blades
  2314 | D:2      | Found a faded altar of an unknown god.
  2370 | D:2      | Killed a black bear
  2371 | D:2      | Reached XP level 5. HP: 28/28 MP: 13/15
  2503 | D:5      | Entered Level 5 of the Dungeon
  2506 | D:5      | Got the Parchment of the Lumpy Olives
  2534 | D:5      | Found a shadowy altar of Dithmenos.
  2626 | D:5      | Reached XP level 6. HP: 26/32 MP: 17/17
  2739 | D:4      | Reached skill level 7 in Spellcasting
  2800 | D:4      | Found a glowing golden altar of the Shining One.
  2835 | D:4      | Reached ** piety under Vehumet
  2835 | D:4      | Offered knowledge of Freeze by Vehumet.
  2947 | D:5      | Reached XP level 7. HP: 36/36 MP: 19/19
  3392 | D:5      | Reached skill level 1 in Throwing
  3392 | D:5      | Reached skill level 8 in Spellcasting
  3799 | D:6      | Reached XP level 8. HP: 32/41 MP: 17/22
  3803 | D:6      | Found a blossoming altar of Fedhas.
  3822 | D:6      | Learned a level 3 spell: Ignite Poison
  3946 | D:6      | Offered knowledge of Poisonous Vapours by Vehumet.
  3947 | D:6      | Reached skill level 9 in Spellcasting
  3950 | D:6      | Learned a level 2 spell: Poisonous Vapours
  4082 | D:6      | You fall into a shaft and drop 1 floor!
  4156 | D:7      | Found a runed translucent door.
  4157 | D:7      | Noticed Crazy Yiuf
  4164 | D:7      | Killed Crazy Yiuf
  4165 | D:7      | Reached skill level 1 in Air Magic
  4165 | D:7      | Reached skill level 1 in Poison Magic
  4223 | D:7      | Reached skill level 5 in Necromancy
  4223 | D:7      | Reached skill level 1 in Transmutations
  4223 | D:7      | Reached skill level 1 in Fire Magic
  4476 | D:6      | Noticed Blork the orc
  4490 | D:6      | Killed Blork the orc
  4490 | D:6      | Reached *** piety under Vehumet
  4646 | D:6      | Found a staircase to the Ecumenical Temple.
  5095 | D:7      | Reached XP level 9. HP: 45/45 MP: 19/24
  5140 | D:7      | Noticed Joseph
  5159 | D:7      | Killed Joseph
  5160 | D:7      | Reached skill level 10 in Spellcasting
  5161 | D:7      | Offered knowledge of Hailstorm by Vehumet.
  5292 | D:6      | Noticed Pikel
  5295 | D:6      | Killed Pikel
  5372 | D:7      | Noticed Menkaure
  5390 | D:7      | Killed Menkaure
  5391 | D:7      | Reached skill level 11 in Spellcasting
  5619 | D:8      | Reached skill level 5 in Dodging
  6026 | D:8      | Found a transporter.
  6026 | D:8      | Found a transporter.
  6027 | D:8      | Found a transporter.
  6057 | D:8      | Found a transporter.
  6074 | D:8      | Found a hide-covered altar of Uskayaw.
  6083 | D:8      | Noticed a two-headed ogre
  6092 | D:8      | Killed a two-headed ogre
  6093 | D:8      | Reached XP level 10. HP: 43/50 MP: 27/27
  6117 | D:8      | Reached **** piety under Vehumet
  6394 | D:8      | Offered knowledge of Arcjolt by Vehumet.
  6421 | D:8      | Reached skill level 12 in Spellcasting
  6733 | D:9      | Learned a level 5 spell: Arcjolt
  6760 | D:9      | Found a flagged portal.
  6775 | Bailey   | Entered a bailey
  6925 | Bailey   | Identified the +2 bardiche of Puhoisos {heavy, rElec
                  | Stlth+}
  7135 | Bailey   | Noticed an orc knight
  7135 | Bailey   | Noticed an orc knight
  7174 | Bailey   | Killed an orc knight
  7211 | Bailey   | Killed an orc knight
  7357 | D:9      | Reached skill level 13 in Spellcasting
  7497 | D:9      | Found a sparkling altar of Nemelex Xobeh.
  7542 | D:9      | Noticed a two-headed ogre
  7547 | D:9      | Killed a two-headed ogre
  7547 | D:9      | Reached ***** piety under Vehumet
  7548 | D:9      | Reached skill level 1 in Fighting
  7653 | D:9      | Noticed a cyclops
  7657 | D:9      | Killed a cyclops
  7657 | D:9      | Offered knowledge of Sticky Flame by Vehumet.
  7665 | D:9      | Learned a level 4 spell: Sticky Flame
  7756 | D:9      | Noticed a rust devil
  7757 | D:9      | Reached skill level 1 in Evocations
  7757 | D:9      | Reached XP level 11. HP: 56/56 MP: 30/30
  7782 | D:9      | Reached skill level 14 in Spellcasting
  7869 | D:10     | Entered Level 10 of the Dungeon
  7901 | D:10     | Found a staircase to the Orcish Mines.
  8026 | Orc:1    | Entered Level 1 of the Orcish Mines
  8027 | Orc:1    | Noticed an orc knight
  8034 | Orc:1    | Killed an orc knight
  8035 | Orc:1    | Reached skill level 5 in Poison Magic
  8102 | D:10     | Reached skill level 5 in Air Magic
  8497 | D:2      | Bought the ring of the Mage {Wiz Archmagi} for 714 gold
                  | pieces
  8497 | D:2      | Found the ring of the Mage {Wiz Archmagi}
  9061 | D:9      | Noticed Harold
  9064 | D:9      | Killed Harold
  9260 | D:10     | Offered knowledge of Iskenderun's Battlesphere by Vehumet.
  9327 | D:10     | Found a sacrificial altar of Ru.
  9511 | D:11     | Reached skill level 1 in Armour
  9754 | D:11     | Reached skill level 15 in Spellcasting
  9833 | D:11     | Got Simple Magic
  9977 | D:12     | Learned a level 2 spell: Wereblood
 10061 | D:12     | Found a portal to a secret trove of treasure.
 10113 | D:12     | Learned a level 3 spell: Mephitic Cloud
 10119 | D:12     | Learned a level 5 spell: Freezing Cloud
 10434 | D:12     | Noticed a red ugly thing
 10443 | D:12     | Killed a red ugly thing
 10626 | D:12     | Learned a level 5 spell: Fireball
 10732 | D:11     | Reached XP level 12. HP: 64/64 MP: 31/33
 10737 | D:11     | Noticed Lodul
 10745 | D:11     | Killed Lodul
 10819 | D:11     | Found a staircase to the Lair.
 10820 | D:11     | Reached skill level 1 in Ice Magic
 10941 | D:11     | Found Fagafuf's Pet Rocks.
 11132 | D:11     | Noticed Psyche
 11135 | D:11     | Killed Psyche
 11135 | D:11     | Noticed a two-headed ogre
 11138 | D:11     | Killed a two-headed ogre
 11383 | Lair:1   | Entered Level 1 of the Lair of Beasts
 11430 | Lair:1   | Reached skill level 16 in Spellcasting
 12491 | Lair:2   | Reached skill level 5 in Fire Magic
 12595 | Lair:2   | Found a staircase to the Shoals.
 12619 | Lair:2   | Found a transporter.
 12620 | Lair:2   | Found a transporter.
 12621 | Lair:2   | Noticed a boulder beetle
 12621 | Lair:2   | Noticed a boulder beetle
 12630 | Lair:2   | Killed a boulder beetle
 12633 | Lair:2   | Killed a boulder beetle
 12691 | Lair:2   | Reached XP level 13. HP: 72/72 MP: 35/35
 13131 | Lair:3   | Offered knowledge of Orb of Destruction by Vehumet.
 13132 | Lair:3   | Reached skill level 5 in Fighting
 13140 | Lair:3   | Learned a level 7 spell: Orb of Destruction
 13413 | Lair:3   | Reached skill level 17 in Spellcasting
 13679 | Lair:3   | Identified the +3 leather armour of Okawaru's Inspiration
                  | {Str+4}
 13976 | D:2      | Bought the ring of Greed {rElec rPois rN+ AC+4 Str-2} for
                  | 758 gold pieces
 14196 | Lair:3   | Found a hole to the Spider Nest.
 14877 | Lair:4   | Reached skill level 5 in Ice Magic
 14878 | Lair:4   | Reached skill level 5 in Conjurations
 14979 | Lair:4   | Reached skill level 10 in Necromancy
 15141 | Lair:4   | Noticed Rupert
 15153 | Lair:4   | Killed Rupert
 15707 | Lair:5   | Entered Level 5 of the Lair of Beasts
 15911 | Lair:5   | Found a viscous altar of Jiyva.
 15911 | Lair:5   | Found a staircase to the Slime Pits.
 16022 | Lair:5   | Reached skill level 18 in Spellcasting
 16115 | Lair:5   | Found a runed translucent door.
 16115 | Lair:5   | Noticed a fire dragon
 16171 | Lair:5   | Reached XP level 14. HP: 80/80 MP: 26/38
 16206 | Lair:5   | Offered knowledge of Conjure Ball Lightning by Vehumet.
 16642 | Lair:5   | Reached skill level 10 in Dodging
 16724 | Lair:5   | Got Utragud's Papyrus of the Inquisitive Olives
 16926 | Spider:1 | Entered Level 1 of the Spider Nest
 16961 | Spider:1 | Identified the +1 pair of boots of Piysunuo {Str+3}
 17049 | Spider:1 | Reached skill level 1 in Earth Magic
 17192 | Spider:1 | Reached skill level 19 in Spellcasting
 17690 | Orc:2    | Entered Level 2 of the Orcish Mines
 17973 | Orc:2    | Noticed an orc warlord
 17977 | Orc:2    | Offered knowledge of Eringya's Noxious Bog by Vehumet.
 18002 | Orc:2    | Killed an orc warlord
 18058 | Orc:2    | Found a staircase to the Elven Halls.
 18260 | Orc:2    | Found Bamnuus's General Store.
 18307 | Orc:2    | Found Roezostra's General Store.
 18496 | Orc:2    | Reached XP level 15. HP: 86/86 MP: 34/40
 18545 | Orc:2    | Reached skill level 5 in Armour
 18708 | Orc:2    | Found Huzal's Antique Armour Boutique.
 18708 | Orc:2    | Found Jyohez's Book Shop.
 18709 | Orc:2    | Found a one-way gate leading to the halls of Pandemonium.
 18711 | Orc:2    | Bought a runed helmet for 270 gold pieces
 18726 | Orc:2    | Bought a Young Poisoner's Handbook for 300 gold pieces
 18731 | Orc:2    | Learned a level 4 spell: Olgreb's Toxic Radiance
 18973 | Spider:2 | Reached skill level 20 in Spellcasting
 19681 | Orc:2    | Noticed Azrael
 19685 | Orc:2    | Killed Azrael
 19755 | Orc:1    | Offered knowledge of Yara's Violent Unravelling by Vehumet.
 19989 | Elf:1    | Entered Level 1 of the Elven Halls
 20044 | Elf:1    | Reached skill level 1 in Long Blades
 20057 | Elf:1    | Reached ****** piety under Vehumet
 20094 | Elf:1    | Paralysed by an air elemental for 1 turns
 20268 | Elf:1    | Noticed a deep elf sorcerer
 20271 | Elf:1    | Killed a deep elf sorcerer
 20283 | Elf:1    | Reached skill level 5 in Translocations
 20335 | Elf:1    | Reached skill level 21 in Spellcasting
 20961 | Elf:1    | Learned a level 3 spell: Frozen Ramparts
 21001 | Orc:2    | Acquired the +2 pair of gloves "Doorr" {Will+ Dex+2}
 21013 | Orc:2    | Acquired 1026 gold pieces
 21014 | Orc:2    | Acquired Xiruc's Atlas of Confrontation
 21022 | Orc:2    | Learned a level 5 spell: Irradiate
 21274 | D:2      | Bought a ring of see invisible for 210 gold pieces
 21571 | Spider:3 | Reached skill level 5 in Earth Magic
 21578 | Spider:3 | Noticed an emperor scorpion
 21590 | Spider:3 | Killed an emperor scorpion
 21803 | Spider:3 | Noticed an emperor scorpion
 21814 | Spider:3 | Killed an emperor scorpion
 21858 | Spider:3 | Reached XP level 16. HP: 94/94 MP: 31/43
 22686 | Spider:4 | Entered Level 4 of the Spider Nest
 22704 | Spider:4 | Noticed Mara
 22716 | Spider:4 | Killed Mara
 22758 | Spider:4 | Offered knowledge of Ozocubu's Refrigeration by Vehumet.
 22891 | Spider:3 | Learned a level 7 spell: Ozocubu's Refrigeration
 23224 | Spider:4 | Reached skill level 22 in Spellcasting
 23529 | Spider:4 | Got a gossamer rune of Zot
 24038 | Shoals:1 | Entered Level 1 of the Shoals
 24785 | Shoals:1 | Offered knowledge of Shatter by Vehumet.
 24785 | Shoals:1 | Offered knowledge of Polar Vortex by Vehumet.
 25253 | Shoals:2 | Reached XP level 17. HP: 63/100 MP: 32/45
 25257 | Shoals:2 | Reached skill level 10 in Air Magic
 25269 | Shoals:2 | Reached skill level 23 in Spellcasting
 25574 | Shoals:2 | Found Biskeott's Firing Range.
 25990 | Shoals:3 | Noticed a kraken
 26104 | Shoals:3 | Noticed Ilsuiw
 26114 | Shoals:3 | Killed Ilsuiw
 26542 | Shoals:3 | Found Zemonaik's Distillery.
 26553 | Shoals:3 | Bought 2 potions of heal wounds for 150 gold pieces
 26553 | Shoals:3 | Bought a potion of heal wounds for 75 gold pieces
 26553 | Shoals:3 | Bought a potion of heal wounds for 75 gold pieces
 26937 | Shoals:3 | Killed a kraken
 26996 | Shoals:2 | Identified the +1 animal skin "Kougi" {rPois rF++ MP+9}
 27045 | Shoals:4 | Entered Level 4 of the Shoals
 27130 | Shoals:4 | Identified the +1 ring mail "Uronn" {rF+ Regen+ Int+3}
 27176 | Shoals:4 | Noticed a kraken
 27190 | Shoals:4 | Killed a kraken
 27350 | Shoals:4 | Reached skill level 10 in Fighting
 27436 | Shoals:4 | Reached skill level 24 in Spellcasting
 27562 | Shoals:4 | Identified the ring "Pileq" {Ice Str+4 Dex+3 Slay+2}
 27868 | Shoals:4 | Got Cuuv Rytt's Atlas of Hot Beguiling
 27868 | Shoals:4 | Got a barnacled rune of Zot
 28008 | Shoals:4 | Reached XP level 18. HP: 101/108 MP: 17/48
 28377 | Shoals:3 | Learned a level 8 spell: Maxwell's Capacitive Coupling
 28911 | D:13     | Found a gate to the Vaults.
 30234 | Vaults:1 | Entered Level 1 of the Vaults
 30240 | Vaults:1 | Reached skill level 25 in Spellcasting
 30474 | Vaults:1 | Identified the +9 arbalest of Xom's Indignation {penet,
                  | Dex+4 Stlth+}
 30720 | Vaults:1 | Found Emogyl Osee's Armour Boutique.
 31600 | Vaults:2 | Found a flickering gateway to a bazaar.
 31636 | Vaults:2 | Paralysed by a vampire knight for 4 turns
 31662 | Vaults:2 | Reached skill level 26 in Spellcasting
 31682 | Vaults:2 | Reached XP level 19. HP: 86/116 MP: 39/51
 31699 | Vaults:2 | Found a staircase to the Crypt.
 31776 | Bazaar   | Entered a bazaar
 31795 | Bazaar   | Found Huts's Armour Emporium.
 31795 | Bazaar   | Found Fuoqy's Distillery.
 31800 | Bazaar   | Bought a +1 cloak of stealth for 181 gold pieces
 31817 | Bazaar   | Bought a potion of curing for 21 gold pieces
 31817 | Bazaar   | Bought a potion of mutation for 56 gold pieces
 31829 | Bazaar   | Found Luehida's Magic Scroll Shoppe.
 31838 | Bazaar   | Bought a scroll of blinking for 82 gold pieces
 31849 | Bazaar   | Found Subykus's Antique Weapon Emporium.
 31849 | Bazaar   | Found Zefiutze's Weapon Shoppe.
 31854 | Bazaar   | Bought a glowing long sword for 175 gold pieces
 31860 | Bazaar   | Bought the +8 Vampire's Tooth {megavamp} for 540 gold
                  | pieces
 31860 | Bazaar   | Found the +8 Vampire's Tooth {megavamp}
 31871 | Bazaar   | Found Gopir's Armour Shoppe.
 31879 | Bazaar   | Bought the +0 mask of the Dragon {Will+ Slay+3 SInv} for
                  | 367 gold pieces
 31879 | Bazaar   | Found the +0 mask of the Dragon {Will+ Slay+3 SInv}
 32188 | Vaults:2 | Learned a level 4 spell: Dispel Undead
 32917 | Trove    | Entered a treasure trove
 32926 | Trove    | Identified the ring of Akemeir {Fire Str+4}
 32937 | Trove    | Identified the ring of Descent {rPois rC+ Int+5 Stlth-}
 32952 | Trove    | Identified the +3 ring mail "Poady" {+Inv rF+ Dex+2 Slay-4}
 33686 | Vaults:3 | Reached skill level 27 in Spellcasting
 33761 | Vaults:3 | Reached skill level 10 in Conjurations
 33848 | Vaults:3 | Reached skill level 5 in Stealth
 34319 | D:4      | Bought the +8 arc blade {discharge, rElec} for 1740 gold
                  | pieces
 34319 | D:4      | Found the +8 arc blade {discharge, rElec}
 34324 | D:4      | Learned a level 4 spell: Airstrike
 34678 | Vaults:3 | Reached skill level 10 in Earth Magic
 34703 | Vaults:3 | Noticed Mennas
 34707 | Vaults:3 | Killed Mennas
 35920 | Vaults:4 | Found Gint's Magic Scroll Shop.
 35925 | Vaults:4 | Reached XP level 20. HP: 117/122 MP: 48/53
 36942 | Vaults:4 | Found a huge runed gate.
 36942 | Vaults:4 | Found a huge runed gate.
 36942 | Vaults:4 | Found a huge runed gate.
 36942 | Vaults:4 | Found a huge runed gate.
 36942 | Vaults:4 | Found a huge runed gate.
 36943 | Vaults:4 | Found a huge runed gate.
 36943 | Vaults:4 | Found a huge runed gate.
 36943 | Vaults:4 | Found a huge runed gate.
 36943 | Vaults:4 | Found a huge runed gate.
 36945 | Vaults:4 | Found a huge runed gate.
 36945 | Vaults:4 | Found a huge runed gate.
 36945 | Vaults:4 | Found a huge runed gate.
 36945 | Vaults:4 | Found a huge runed gate.
 36945 | Vaults:4 | Found a huge runed gate.
 36945 | Vaults:4 | Found a huge runed gate.
 36946 | Vaults:4 | Found a huge runed gate.
 37087 | Vaults:4 | Found a huge runed gate.
 37087 | Vaults:4 | Found a huge runed gate.
 37090 | Vaults:4 | Found a huge runed gate.
 37090 | Vaults:4 | Found a huge runed gate.
 37090 | Vaults:4 | Found a huge runed gate.
 37090 | Vaults:4 | Found a huge runed gate.
 37090 | Vaults:4 | Found a huge runed gate.
 37090 | Vaults:4 | Found a huge runed gate.
 37091 | Vaults:4 | Found a huge runed gate.
 37092 | Vaults:4 | Found a huge runed gate.
 37093 | Vaults:4 | Found a huge runed gate.
 37102 | Vaults:4 | Found a huge runed gate.
 37102 | Vaults:4 | Found a huge runed gate.
 37102 | Vaults:4 | Found a huge runed gate.
 37102 | Vaults:4 | Found a huge runed gate.
 37102 | Vaults:4 | Found a huge runed gate.
 37103 | Vaults:4 | Found a huge runed gate.
 37104 | Vaults:4 | Found a huge runed gate.
 37105 | Vaults:4 | Found a huge runed gate.
 37106 | Vaults:4 | Found a huge runed gate.
 37137 | Vaults:4 | Noticed a golden dragon
 37252 | Vaults:4 | Noticed a caustic shrike
 37253 | Vaults:4 | a caustic shrike changed into an iron giant
 37382 | Vaults:4 | Killed from afar by an iron dragon

Illustrated notes

Levels and vault maps discovered:
D:1:      sevenhm_arrival_forest_fort_small_3, layout_rooms,
          chequers_serial_rivers_room_b, minmay_misc_feat_five
D:2:      layout_loops_ring, dreamdust_ecumenical_altar_angels_and_demons,
          serial_shops, shop
D:3:      layout_basic, grunt_temple_overflow_open, minmay_misc_feat_iff
D:4:      layout_basic, nicolae_overflow_quartered_altars, serial_shops,
          nicolae_diamond_shop
D:5:      layout_loops_ring, lemuel_doored_altar, minmay_misc_feat_rows,
          dreamdust_wishing_well
D:6:      layout_loops_cross, fedhas_altar_fruit_tree,
          minmay_temple_entry_glass, uniq_pikel, uniq_blork_the_orc
D:7:      layout_basic, uniq_menkaure, uniq_joseph, uniq_crazy_yiuf_cottage
D:8:      layout_basic, nicolae_uskayaw_dance_hall, serial_demonic,
          serial_demonic_d, serial_demonic_a, serial_demonic_c,
          serial_demonic_c, nicolae_diode_quadrants
D:9:      layout_irregular_city, kennysheep_little_box, enter_bailey_4,
          minmay_between, uniq_harold
D:10:     layout_basic, nicolae_ru_awakened_eye
D:11:     layout_rooms, hellmonk_lair_entry_icy, serial_ice, serial_ice_j,
          serial_ice_m, serial_ice_o, serial_ice_c, serial_ice_g, serial_ice_f,
          guppyfry_shop_earth, uniq_psyche, uniq_lodul
D:12:     layout_roguey, nicolae_trove_entry_crossroad
D:13:     layout_loops_ring, lightli_vaults_fourway_checkpoint
D:14:     nzn_winding_woodlands_large [nzn_winding_woodlands_5x5_checkerboard,
          nzn_winding_woodlands_5x15_longhouse,
          nzn_winding_woodlands_5x5_default,
          nzn_winding_woodlands_center_garden,
          nzn_winding_woodlands_15x15_five_gardens,
          nzn_winding_woodlands_center_lodge, nzn_winding_woodlands_5x5_default,
          nzn_winding_woodlands_5x15_crooked, nzn_winding_woodlands_5x5_three],
          layout_loops_corners
Lair:1:   layout_small_grid
Lair:2:   gammafunk_boulding_lane, layout_small_grid, elwin_shoals_entry_rooms
Lair:3:   kb_forest_paths, layout_chaotic_city, spider_nest_entry_rubble
Lair:4:   layout_hall_layers, grunt_megastairs_3, lemuel_fruit_fields,
          uniq_rupert
Lair:5:   guppyfry_lair_end_dragon, layout_misc_corridors, wormcave,
          dpeg_slime_entry_enclosed
Shoals:1: layout_shoals, nicolae_shoals_nautilus_by_nature
Shoals:2: argonaut_golden_fleece, layout_shoals, nicolae_shop_firing_range
Shoals:3: layout_shoals, serial_shops, shop, nicolae_shoals_lost_giant_hut,
          uniq_ilsuiw
Shoals:4: shoals_end_hellmonk_lost_city, serial_shops
Spider:1: layout_spider_delve, nicolae_spider_some_kinda_spiderbox
Spider:2: layout_spider_delve, nicolae_spider_twisty_arc_passages
Spider:3: layout_chambers, nicolae_orb_stairs
Spider:4: grunt_spider_rune_circles, guppyfry_hornet_nest, uniq_mara
Orc:1:    layout_caves
Orc:2:    pf_orc_diabolical, layout_diamond_mine, uniq_azrael
Elf:1:    minmay_elf_arrival_plus, layout_loops_cross,
          kennysheep_underground_church
Vaults:1: vaults_dpeg_emergency_exit, nicolae_vaults_ellipses_ellipsis,
          nicolae_vaults_variable_pillar_hall, v_misc_22, v_misc_33,
          nicolae_vaults_closet_pinwheel_3, v_alt_pattern_4, v_alt_pattern_4,
          nicolae_vaults_tetromino_Z_2, nicolae_vaults_taking_the_gang_shopping,
          nicolae_vaults_spaceships, v_misc_33, nicolae_vaults_shelves_hall,
          nicolae_vaults_trapezoid_lopsided_1, nicolae_vaults_little_ls,
          layout_vaults_ring
Vaults:2: ontoclasm_vaults_bender, nicolae_vaults_storage_closets_1, v_misc_9,
          vaults_room_pools, nicolae_vaults_more_shelving_2, v_misc_14,
          vaults_standard_mumra_lines, hangedman_vaults_stream,
          nicolae_vaults_windows_and_doors_thing,
          minmay_crypt_entry_simple_corners, nicolae_vaults_stand_back,
          vaults_dpeg_diagonal, nicolae_vaults_little_squares_5,
          layout_vaults_omnibox, serial_shops, bzr_entry_gold
Vaults:3: nicolae_vaults_three_branches, v_misc_15, vaults_standard_mumra_x,
          v_misc_13, ontoclasm_vaults_loading_screen, nicolae_vaults_tangram_1,
          nicolae_vaults_display_case, vaults_room_ringed_pool,
          nicolae_vaults_octothorpe, vaults_mumra_minichess,
          nicolae_vaults_variable_pillar_hall, v_alt_pattern_6,
          nicolae_vaults_tetromino_L_1, nicolae_vaults_trapezoid_3,
          layout_vaults_big_room, uniq_mennas
Vaults:4: nicolae_vaults_network_periphery, nicolae_vaults_angled_halls,
          ontoclasm_vaults_twist, door_vault, nicolae_vaults_more_shelving_1,
          nicolae_vaults_yaktaur_gun_rack, hangedman_vaults_slither, v_rooms_1,
          ontoclasm_vaults_claustrophobia, nicolae_vaults_trapezoid_lopsided_1,
          grunt_vaults_focal, hangedman_vaults_slice, layout_vaults_omnicross,
          serial_shops, shop

Skill      XL: |  1  2  3  4  5  6  7  8  9 10 11 12 13 14 15 16 17 18 19 20 |
---------------+-------------------------------------------------------------+-----
Spellcasting   | 5 6 7 8 9 11 13 15 16 18 19 21 22 24 26 27 | 27.0
Dodging        | 1 2 3 4 5 6 7 8 9 10 11 12 13 14 | 14.9
Stealth        | 2 3 4 5 |  5.4
Necromancy     | 1 3 4 5 6 7 8 9 10 11 | 11.2
Conjurations   | 1 2 4 5 6 7 8 9 10 | 10.2
Short Blades   | 1 2 3 |  3.8
Translocations | 3 4 5 6 |  6.5
Throwing       | 1 |  1.9
Air Magic      | 2 3 4 5 6 7 8 9 10 11 | 11.8
Poison Magic   | 3 4 5 6 7 |  7.2
Transmutations | 1 3 |  3.1
Fire Magic     | 1 3 4 5 6 7 9 |  9.6
Shields        | 2 3 |  3.3
Fighting       | 1 3 4 6 7 8 9 10 11 12 | 12.5
Evocations     | 1 |  1.2
Armour         | 1 2 3 4 5 6 7 |  7.0
Ice Magic      | 4 5 6 7 8 |  8.7
Earth Magic    | 3 5 6 7 9 10 11 | 11.1
Long Blades    | 1 2 3 |  3.5
Invocations    | |  1.0

Action                     |  1- 3 |  4- 6 |  7- 9 | 10-12 | 13-15 | 16-18 | 19-21 || total
---------------------------+-------+-------+-------+-------+-------+-------+-------++-------
  Melee: Short sword       |    11 |     1 |       |       |       |       |       ||    12
         Rapier            |    16 |    58 |    50 |    30 |    55 |     6 |       ||   215
         Dagger            |       |       |    93 |    40 |       |       |       ||   133
         Scimitar          |       |       |       |    24 |    26 |   119 |       ||   169
         Long sword        |       |       |       |       |       |       |    60 ||    60
         Quick blade       |       |       |       |       |       |       |     3 ||     3
  Throw: Dart              |       |    15 |     8 |       |       |       |       ||    23
         Boomerang         |       |       |       |     1 |     2 |    22 |     7 ||    32
         Javelin           |       |       |       |       |       |       |     5 ||     5
   Cast: Magic Dart        |    39 |    46 |    30 |    49 |    31 |       |       ||   195
         Apportation       |    26 |    16 |    45 |    42 |    73 |    56 |    22 ||   280
         Vampiric Draining |     1 |    16 |    54 |    48 |    30 |    47 |    18 ||   214
         Blink             |       |     4 |     2 |    12 |    19 |    11 |     6 ||    54
         Poisonous Vapours |       |       |    49 |   179 |   249 |   227 |   111 ||   815
         Ignite Poison     |       |       |    19 |    95 |   165 |   187 |    99 ||   565
         Sticky Flame      |       |       |       |    26 |    27 |    46 |    28 ||   127
         Arcjolt           |       |       |       |     2 |       |       |       ||     2
         Freezing Cloud    |       |       |       |     8 |    46 |    23 |     5 ||    82
         Mephitic Cloud    |       |       |       |     9 |    22 |    27 |    13 ||    71
         Fireball          |       |       |       |     4 |     5 |    14 |       ||    23
         Wereblood         |       |       |       |     6 |    22 |    24 |    20 ||    72
         Orb of Destructio |       |       |       |       |    16 |    13 |    17 ||    46
         Olgreb's Toxic Ra |       |       |       |       |    19 |    54 |    45 ||   118
         Frozen Ramparts   |       |       |       |       |     2 |    28 |    10 ||    40
         Irradiate         |       |       |       |       |       |    13 |     7 ||    20
         Ozocubu's Refrige |       |       |       |       |       |    16 |     4 ||    20
         Maxwell's Capacit |       |       |       |       |       |       |     1 ||     1
         Dispel Undead     |       |       |       |       |       |       |    10 ||    10
  Evoke: Wand              |       |       |     8 |    10 |       |     1 |       ||    19
    Use: Scroll            |     1 |       |     8 |    10 |    10 |     8 |     3 ||    40
         Potion            |     1 |     1 |     2 |     2 |     1 |     9 |       ||    16
   Stab: Sleeping          |     3 |     1 |     3 |     4 |     4 |     1 |     3 ||    19
         Confused          |       |       |       |       |     3 |     2 |     2 ||     7
 Armour: Robe              |    22 |    20 |    42 |       |       |       |       ||    84
         Skin              |       |     4 |       |       |       |       |       ||     4
         Steam dragon scal |       |       |     5 |    53 |       |       |       ||    58
         Troll leather arm |       |       |       |    13 |    70 |   114 |       ||   197
         Ring mail         |       |       |       |       |       |   125 |   100 ||   225
  Dodge: Dodged            |    17 |    43 |   137 |   146 |   151 |   317 |    88 ||   899
         Repelled          |       |       |       |       |       |     8 |       ||     8
  Block: Buckler           |     3 |    12 |    58 |    47 |    37 |   148 |    34 ||   339
         Reflection        |       |       |       |       |       |    15 |       ||    15
